[Event "Walton Rating Tournament 2023"]
[Site "Dhaka"]
[Date "2023.12.31"]
[Round "1.1"]
[White "Rahman, Ziaur"]
[Black "Warsia, Khusbu"]
[Result "1-0"]
[ECO "A25"]
[WhiteElo "2436"]
[BlackElo "1661"]
[Annotator "RC"]
[PlyCount "77"]
[EventDate "2023.12.30"]
[EventType "swiss"]
[EventCountry "BAN"]
[SourceTitle "playchess.com"]
[Source "ChessBase"]
[SourceQuality "1"]
[TimeControl "5400+30"]

1. c4 e5 2. g3 Nf6 3. Bg2 Nc6 4. Nc3 Bb4 5. Nd5 O-O 6. a3 Be7 7. b4 d6 8. Bb2 Be6 9. d3 Rb8 10. b5 Bxd5 11. cxd5 Na5 12. Bc3 c5 13. Rb1 Qc7 14. e3 c4 15. Ne2 cxd3 16. Qxd3 Qc4 17. Qd2 b6 18. O-O Nb7 19. Rb4 Qc8 20. Bb2 Nc5 21. h3 a5 22. Rc4 Qd7 23. a4 Qf5 24. Ba3 Nfd7 25. g4 Qf6 26. Ng3 g6 27. Qc2 Rfc8 28. Bb2 Bf8 29. Rc1 Qe7 30. Ne4 Bh6 31. h4 f6 32. Ng3 Rf8 33. h5 Qf7 34. f4 f5 35. hxg6 hxg6 36. gxf5 gxf5 37. Bh3 Qg6 38. Kh2 Ne4 39. Nxe4 1-0

[Event "Walton Rating Tournament 2023"]
[Site "Dhaka"]
[Date "2023.12.31"]
[Round "1.2"]
[White "Osman, Goni"]
[Black "Reefat, Bin-Sattar"]
[Result "0-1"]
[ECO "C02"]
[WhiteElo "1678"]
[BlackElo "2352"]
[Annotator "RC"]
[PlyCount "41"]
[EventDate "2023.12.30"]
[EventType "swiss"]
[EventCountry "BAN"]
[SourceTitle "playchess.com"]
[Source "ChessBase"]
[SourceQuality "1"]
[TimeControl "5400+30"]

1. e4 e6 2. Nf3 d5 3. e5 Bd7 4. d4 c5 5. c3 Nc6 6. Bd3 cxd4 7. cxd4 Qb6 8. O-O Nxd4 9. Re1 Bc5 10. Nc3 Ne7 11. Ng5 Ndf5 12. Qf3 h6 13. Nh3 O-O 14. Ne2 f6 15. Nef4 fxe5 16. Rxe5 Qd6 17. Re1 e5 18. Bxf5 Rxf5 19. Qg3 exf4 20. Bxf4 Qf6 21. Be3 0-1

[Event "Walton Rating Tournament 2023"]
[Site "Dhaka"]
[Date "2023.12.31"]
[Round "1.3"]
[White "Zia, Tahsin Tajwar"]
[Black "Safayat, Kibria Azaan"]
[Result "1-0"]
[ECO "C25"]
[WhiteElo "2303"]
[BlackElo "1655"]
[Annotator "RC"]
[PlyCount "61"]
[EventDate "2023.12.30"]
[EventType "swiss"]
[EventCountry "BAN"]
[SourceTitle "playchess.com"]
[Source "ChessBase"]
[SourceQuality "1"]
[TimeControl "5400+30"]

1. e4 e5 2. Nc3 Nc6 3. Bc4 Bc5 4. d3 d6 5. Nge2 Be6 6. Bxe6 fxe6 7. Na4 Bb6 8. Nxb6 axb6 9. O-O Nf6 10. Bg5 O-O 11. c3 Qd7 12. Ng3 h6 13. Be3 Kh8 14. d4 exd4 15. cxd4 e5 16. d5 Ne7 17. f3 c6 18. dxc6 bxc6 19. Qd2 c5 20. Rfd1 Rfd8 21. Qf2 Qe6 22. Qd2 Kg8 23. a3 d5 24. exd5 Rxd5 25. Qc2 Rad8 26. Rxd5 Qxd5 27. Re1 Nc6 28. Bxh6 gxh6 29. Qg6+ Kf8 30. Qxf6+ Ke8 31. Nf5 1-0

[Event "Walton Rating Tournament 2023"]
[Site "Dhaka"]
[Date "2023.12.31"]
[Round "1.4"]
[White "Md Rajib Hasan"]
[Black "Manon, Reja Neer"]
[Result "0-1"]
[ECO "B31"]
[WhiteElo "1644"]
[BlackElo "2243"]
[Annotator "RC"]
[PlyCount "82"]
[EventDate "2023.12.30"]
[EventType "swiss"]
[EventCountry "BAN"]
[SourceTitle "playchess.com"]
[Source "ChessBase"]
[SourceQuality "1"]
[TimeControl "5400+30"]

1. e4 c5 2. Nf3 Nc6 3. Bb5 g6 4. O-O Bg7 5. c4 e6 6. Nc3 Nge7 7. d3 Qc7 8. Re1 O-O 9. Bg5 h6 10. Bh4 d6 11. h3 f5 12. Bxe7 Nxe7 13. Qe2 e5 14. h4 fxe4 15. Qxe4 Rf4 16. Nd5 Nxd5 17. Qxd5+ Kh7 18. g3 Rf6 19. Nd2 Be6 20. Qg2 Raf8 21. Ne4 Rf3 22. Re3 Bg4 23. Nd2 Rxf2 24. Qxf2 Rxf2 25. Kxf2 a6 26. Be8 Qd8 27. Bxg6+ Kxg6 28. Ne4 Qf8+ 29. Kg2 h5 30. Rc1 Bh6 31. Ng5 Bxg5 32. hxg5 Bd7 33. Rc2 Qf5 34. Rf2 Qh3+ 35. Kg1 Bc6 36. Rh2 Qg4 37. Rh4 Qd1+ 38. Kf2 Qd2+ 39. Re2 Qxd3 40. Re3 Qf5+ 41. Ke1 Kxg5 0-1

[Event "Walton Rating Tournament 2023"]
[Site "Dhaka"]
[Date "2023.12.31"]
[Round "1.5"]
[White "Subrota, Biswas"]
[Black "Moniruzzaman, Moni"]
[Result "1-0"]
[ECO "B01"]
[WhiteElo "2223"]
[BlackElo "1623"]
[Annotator "RC"]
[PlyCount "79"]
[EventDate "2023.12.30"]
[EventType "swiss"]
[EventCountry "BAN"]
[SourceTitle "playchess.com"]
[Source "ChessBase"]
[SourceQuality "1"]
[TimeControl "5400+30"]

1. e4 d5 2. exd5 Nf6 3. d4 Nxd5 4. c4 Nf6 5. Nc3 c6 6. Nf3 Bg4 7. Be3 e6 8. h3 Bxf3 9. Qxf3 Nbd7 10. g4 h6 11. h4 h5 12. g5 Ng4 13. Bf4 e5 14. dxe5 Ngxe5 15. Bxe5 Nxe5 16. Qe2 Qd4 17. Rh3 f6 18. Re3 Kf7 19. Re4 Qd7 20. Rd1 Qc7 21. gxf6 gxf6 22. Bh3 Rd8 23. f4 Rxd1+ 24. Nxd1 Ng6 25. Be6+ Kg7 26. Ne3 Bb4+ 27. Kf1 Nxf4 28. Qf3 Nxe6 29. Rxe6 Qf7 30. Nf5+ Kh7 31. Qf4 Bf8 32. Re2 b5 33. b3 a5 34. a4 bxc4 35. bxc4 Kg8 36. Rg2+ Kh7 37. Re2 Kg8 38. Qg3+ Kh7 39. Qd3 Qc7 40. Ne7+ 1-0

[Event "Walton Rating Tournament 2023"]
[Site "Dhaka"]
[Date "2023.12.31"]
[Round "1.6"]
[White "Faysal, Yousuf"]
[Black "Mohammad Minhaz Uddin"]
[Result "0-1"]
[ECO "E22"]
[WhiteElo "1609"]
[BlackElo "2221"]
[Annotator "RC"]
[PlyCount "35"]
[EventDate "2023.12.30"]
[EventType "swiss"]
[EventCountry "BAN"]
[SourceTitle "playchess.com"]
[Source "ChessBase"]
[SourceQuality "1"]
[TimeControl "5400+30"]

1. d4 Nf6 2. c4 e6 3. Nc3 Bb4 4. Qb3 c5 5. e3 Ne4 6. Nf3 b6 7. Be2 Bb7 8. O-O Bxc3 9. bxc3 d6 10. Nd2 Nxd2 11. Bxd2 Nc6 12. a4 Na5 13. Qa2 f5 14. f4 O-O 15. Bf3 Ba6 16. Be2 d5 17. Bc1 Bxc4 18. Bxc4 0-1

[Event "Walton Rating Tournament 2023"]
[Site "Dhaka"]
[Date "2023.12.31"]
[Round "2.1"]
[White "Alam, Monjur"]
[Black "Rahman, Ziaur"]
[Result "0-1"]
[ECO "E30"]
[WhiteElo "1848"]
[BlackElo "2436"]
[Annotator "RC"]
[PlyCount "68"]
[EventDate "2023.12.30"]
[EventType "swiss"]
[EventCountry "BAN"]
[SourceTitle "playchess.com"]
[Source "ChessBase"]
[SourceQuality "1"]
[TimeControl "5400+30"]

1. d4 Nf6 2. c4 e6 3. Nc3 Bb4 4. Bg5 h6 5. Bh4 c5 6. Bxf6 Qxf6 7. e3 Nc6 8. Nf3 Bxc3+ 9. bxc3 O-O 10. Be2 d6 11. O-O e5 12. Rc1 Bf5 13. d5 Nb8 14. Nd2 e4 15. Re1 Nd7 16. Bg4 Rfe8 17. Bxf5 Qxf5 18. Qc2 Qg4 19. h3 Qg6 20. f4 f5 21. Kh2 Nf6 22. g3 Re7 23. Rg1 Kh8 24. Nf1 a6 25. Rb1 b5 26. Nd2 Qh5 27. Rge1 g5 28. Qd1 Qg6 29. Qe2 Rg7 30. Rg1 Rag8 31. a4 bxa4 32. Rb6 gxf4 33. Rxd6 Ng4+ 34. hxg4 fxg3+ 0-1

[Event "Walton Rating Tournament 2023"]
[Site "Dhaka"]
[Date "2023.12.31"]
[Round "2.2"]
[White "Reefat, Bin-Sattar"]
[Black "Mortuza Mahathir, Islam"]
[Result "0-1"]
[ECO "B20"]
[WhiteElo "2352"]
[BlackElo "1844"]
[Annotator "RC"]
[PlyCount "40"]
[EventDate "2023.12.30"]
[EventType "swiss"]
[EventCountry "BAN"]
[SourceTitle "playchess.com"]
[Source "ChessBase"]
[SourceQuality "1"]
[TimeControl "5400+30"]

1. e4 c5 2. b3 Nc6 3. Bb2 e5 4. Bb5 Nd4 5. Bc4 Nf6 6. Nc3 d6 7. Nge2 g6 8. O-O Bg7 9. f4 O-O 10. Bd3 Re8 11. fxe5 dxe5 12. Ng3 a6 13. a4 b6 14. h3 Nxb3 15. Rb1 Nd4 16. Nd5 Nxd5 17. exd5 e4 18. Nxe4 Bf5 19. Rxf5 gxf5 20. Ng3 Qg5 0-1

[Event "Walton Rating Tournament 2023"]
[Site "Dhaka"]
[Date "2023.12.31"]
[Round "2.3"]
[White "Dewan, Shahidul Amin"]
[Black "Zia, Tahsin Tajwar"]
[Result "0-1"]
[ECO "B15"]
[WhiteElo "1818"]
[BlackElo "2303"]
[Annotator "RC"]
[PlyCount "116"]
[EventDate "2023.12.30"]
[EventType "swiss"]
[EventCountry "BAN"]
[SourceTitle "playchess.com"]
[Source "ChessBase"]
[SourceQuality "1"]
[TimeControl "5400+30"]

1. e4 c6 2. d4 d5 3. Nc3 dxe4 4. Nxe4 Nf6 5. Nxf6+ exf6 6. Nf3 Bd6 7. Be3 O-O 8. Qd2 Be6 9. Bd3 Nd7 10. O-O Qc7 11. g3 b5 12. Nh4 g6 13. Ng2 Nb6 14. Nf4 Bxf4 15. Bxf4 Qd7 16. c3 Rfe8 17. Rfe1 Bd5 18. b3 Qg4 19. Be2 Qf5 20. Bd3 Qg4 21. Be2 Qd7 22. Bf1 a5 23. Rxe8+ Qxe8 24. Re1 Qd7 25. Rc1 Qe6 26. Re1 Qf5 27. Bd3 Qd7 28. Qe2 Be6 29. Be3 Nd5 30. Bd2 Bg4 31. f3 Be6 32. Be4 Nb6 33. Be3 a4 34. b4 Bc4 35. Qd2 Re8 36. Bf2 f5 37. Bb1 Rxe1+ 38. Qxe1 Qd5 39. Qe8+ Kg7 40. Qe5+ f6 41. Qe7+ Qf7 42. Qxf7+ Kxf7 43. Be1 Nd5 44. Kf2 Ke6 45. Bd2 Ne7 46. h4 Nc8 47. a3 Nd6 48. Bf4 Nf7 49. Bd2 g5 50. h5 Nh6 51. Ke3 Kd6 52. Bd3 Bf7 53. g4 fxg4 54. Bxh7 gxf3 55. Kxf3 Bxh5+ 56. Ke4 Bf7 57. Kd3 Be6 58. Be4 Bf5 0-1

[Event "Walton Rating Tournament 2023"]
[Site "Dhaka"]
[Date "2023.12.31"]
[Round "2.4"]
[White "Manon, Reja Neer"]
[Black "Mukitul, Islam Ripon"]
[Result "1-0"]
[ECO "C45"]
[WhiteElo "2243"]
[BlackElo "1830"]
[Annotator "ChessBase"]
[PlyCount "57"]
[EventDate "2023.12.30"]
[EventType "swiss"]
[EventCountry "BAN"]
[SourceTitle "playchess.com"]
[Source "ChessBase"]
[SourceQuality "1"]
[TimeControl "5400+30"]

1. e4 e5 2. Nf3 Nc6 3. d4 exd4 4. Nxd4 Nxd4 5. Qxd4 d6 6. Nc3 Nf6 7. Bg5 Be7 8. O-O-O O-O 9. e5 Ne8 10. Bxe7 Qxe7 11. Nd5 Qd8 12. exd6 cxd6 13. Bd3 Be6 14. Qe4 g6 15. Nf4 Ng7 16. h4 Re8 17. Qd4 Qa5 18. h5 Qe5 19. Qb4 a5 20. Qd2 Bxa2 21. hxg6 hxg6 22. Rh3 Be6 23. Rh6 Bg4 24. Rdh1 Nf5 25. Bxf5 Bxf5 26. Nd5 Rac8 27. Rh8+ Qxh8 28. Rxh8+ Kxh8 29. Qh6+ 1-0

[Event "Walton Rating Tournament 2023"]
[Site "Dhaka"]
[Date "2023.12.31"]
[Round "2.5"]
[White "Tanvir, Alam"]
[Black "Subrota, Biswas"]
[Result "0-1"]
[ECO "A81"]
[WhiteElo "1836"]
[BlackElo "2223"]
[Annotator "RC"]
[PlyCount "48"]
[EventDate "2023.12.30"]
[EventType "swiss"]
[EventCountry "BAN"]
[SourceTitle "playchess.com"]
[Source "ChessBase"]
[SourceQuality "1"]
[TimeControl "5400+30"]

1. d4 f5 2. g3 Nf6 3. Bg2 d6 4. Bg5 Nbd7 5. Nd2 g6 6. e4 fxe4 7. Nxe4 Bg7 8. Nxf6+ Nxf6 9. Ne2 O-O 10. O-O c6 11. h3 h6 12. Be3 Bf5 13. g4 Be4 14. f3 Bd5 15. Qd3 Bf7 16. Nf4 e5 17. Nxg6 e4 18. fxe4 Bxg6 19. Qb3+ Kh7 20. g5 hxg5 21. Bxg5 Qb6 22. Qg3 Qxd4+ 23. Kh1 Nxe4 24. Qh4+ Kg8 0-1

[Event "Walton Rating Tournament 2023"]
[Site "Dhaka"]
[Date "2023.12.31"]
[Round "2.6"]
[White "Mohammad Minhaz Uddin"]
[Black "Mohammad, Din"]
[Result "1-0"]
[ECO "B07"]
[WhiteElo "2221"]
[BlackElo "1799"]
[Annotator "RC"]
[PlyCount "86"]
[EventDate "2023.12.30"]
[EventType "swiss"]
[EventCountry "BAN"]
[SourceTitle "playchess.com"]
[Source "ChessBase"]
[SourceQuality "1"]
[TimeControl "5400+30"]

1. e4 d6 2. d4 Nf6 3. Nc3 e5 4. dxe5 dxe5 5. Qxd8+ Kxd8 6. Bc4 Be6 7. Bxe6 fxe6 8. Nf3 Bd6 9. Bg5 Ke7 10. O-O-O Nc6 11. Bh4 a6 12. Ne2 Rad8 13. Ne1 Bc5 14. Nd3 Bd6 15. g3 h6 16. f4 Rhg8 17. f5 Kf7 18. g4 Rde8 19. Bxf6 gxf6 20. Rhg1 exf5 21. gxf5 Nd4 22. Ng3 Rg5 23. Rgf1 h5 24. c3 Nc6 25. Rf3 Rh8 26. Nh1 h4 27. Nhf2 Rg2 28. Rh3 b6 29. Kd2 a5 30. a4 Nb8 31. Ke2 Na6 32. Kf3 Rgg8 33. Ng4 Rd8 34. Ke2 Rdg8 35. Rg1 Bc5 36. Rg2 Rg5 37. Ngxe5+ Kg7 38. Rxg5+ fxg5 39. Ng4 Re8 40. e5 Bf8 41. Re3 c6 42. e6 Nc5 43. e7 Nxa4 1-0

[Event "Walton Rating Tournament 2023"]
[Site "Dhaka"]
[Date "2024.01.01"]
[Round "3.1"]
[White "Rahman, Ziaur"]
[Black "Mohammad Shafiqul, Islam"]
[Result "*"]
[ECO "A48"]
[WhiteElo "2436"]
[BlackElo "1928"]
[Annotator "RC"]
[PlyCount "35"]
[EventDate "2023.12.30"]
[EventType "swiss"]
[EventCountry "BAN"]
[SourceTitle "playchess.com"]
[Source "ChessBase"]
[SourceQuality "1"]
[TimeControl "5400+30"]

1. Nf3 Nf6 2. d4 g6 3. Bf4 Bg7 4. c3 d6 5. Nbd2 Nh5 6. Bg5 h6 7. Bh4 Nc6 8. e4 O-O 9. d5 Ne5 10. Nxe5 Bxe5 11. Nc4 Bg7 12. Ne3 Qe8 13. Bd3 e5 14. dxe6 fxe6 15. Qd2 Bd7 16. f3 g5 17. Bf2 Nf4 18. Bc2 *

[Event "Walton Rating Tournament 2023"]
[Site "Dhaka"]
[Date "2024.01.01"]
[Round "3.2"]
[White "Zia, Tahsin Tajwar"]
[Black "Mohammad Shafiqul, Islam"]
[Result "1-0"]
[ECO "D00"]
[WhiteElo "2303"]
[BlackElo "1928"]
[Annotator "RC"]
[PlyCount "45"]
[EventDate "2023.12.30"]
[EventType "swiss"]
[EventCountry "BAN"]
[SourceTitle "playchess.com"]
[Source "ChessBase"]
[SourceQuality "1"]
[TimeControl "5400+30"]

1. d4 Nf6 2. Bg5 d5 3. e3 e6 4. Nd2 Nbd7 5. f4 c5 6. c3 Qa5 7. Bd3 c4 8. Bc2 b5 9. a3 Bb7 10. Ngf3 Qc7 11. Ne5 Nb6 12. Qf3 Bd6 13. Bh4 O-O-O 14. a4 bxa4 15. Bxa4 Nxa4 16. Rxa4 a6 17. O-O Rdf8 18. Qe2 Kb8 19. Rb1 Nd7 20. b3 Nb6 21. Ra2 f6 22. bxc4 Bxe5 23. c5 1-0

[Event "Walton Rating Tournament 2023"]
[Site "Dhaka"]
[Date "2024.01.01"]
[Round "3.3"]
[White "Uddin, Saif"]
[Black "Manon, Reja Neer"]
[Result "1/2-1/2"]
[ECO "A48"]
[WhiteElo "1938"]
[BlackElo "2243"]
[Annotator "RC"]
[PlyCount "206"]
[EventDate "2023.12.30"]
[EventType "swiss"]
[EventCountry "BAN"]
[SourceTitle "playchess.com"]
[Source "ChessBase"]
[SourceQuality "1"]
[TimeControl "5400+30"]

1. Nf3 Nf6 2. b3 g6 3. Bb2 Bg7 4. e3 d6 5. d4 O-O 6. Be2 e5 7. dxe5 Nfd7 8. Qc1 dxe5 9. O-O Re8 10. c4 e4 11. Nfd2 Qg5 12. Bxg7 Kxg7 13. Nc3 Nf6 14. Rd1 Bh3 15. Bf1 c6 16. Qc2 Bf5 17. Ne2 Nbd7 18. Ng3 Ne5 19. Qc3 Qh4 20. Be2 Bg4 21. f3 exf3 22. Nxf3 Nxf3+ 23. gxf3 Bh3 24. Rd4 Qg5 25. Kf2 Qe5 26. f4 Qe7 27. Re4 Qxe4 28. Nxe4 Rxe4 29. Bf3 Re6 30. e4 Rd8 31. Re1 Kg8 32. Kg3 Bg4 33. Bxg4 Nxe4+ 34. Rxe4 Rxe4 35. Bf3 Red4 36. f5 gxf5 37. Qe1 R8d6 38. Qe8+ Kg7 39. Qe5+ Kg6 40. c5 Rd8 41. h4 f6 42. h5+ Kg5 43. Qe6 Rd3 44. Qc4 R3d4 45. Qf7 R8d7 46. Qg8+ Kh6 47. Kf2 Rd2+ 48. Be2 Rxa2 49. Kf3 Rad2 50. Qe8 Kg5 51. Qe3+ Kxh5 52. Kf4+ Kg6 53. Qg3+ Kf7 54. Bc4+ R7d5 55. Qc3 Kg6 56. Bxd5 Rxd5 57. b4 Re5 58. Qg3+ Kf7 59. Qa3 Kg6 60. Qg3+ Kf7 61. Qb3+ Kg7 62. Qa2 a6 63. Qa5 Kg6 64. Qb6 Re7 65. Kf3 Rd7 66. Qa7 Rd3+ 67. Ke2 Rd7 68. Qb8 Kf7 69. Ke3 Ke6 70. Qg8+ Ke7 71. Qxh7+ Kd8 72. Qh8+ Kc7 73. Qxf6 Rd5 74. Qe7+ Kb8 75. Qe8+ Ka7 76. Qc8 Re5+ 77. Kd3 Rd5+ 78. Kc4 Re5 79. Qc7 Rd5 80. Kb3 Rd3+ 81. Ka4 Rd5 82. Qf4 Ka8 83. Qf3 Ka7 84. Ka5 Rd2 85. Ka4 Rd5 86. Qe3 Ka8 87. Qe7 Ka7 88. Qe6 Ka8 89. Qf7 Ka7 90. Kb3 Re5 91. Kc3 Rd5 92. Qc7 Ka8 93. Qb6 Kb8 94. Kc4 Rd1 95. Kc3 Rd5 96. Qa5 Ka7 97. Qc7 Ka8 98. Qc8+ Ka7 99. Kc4 Re5 100. Kd4 Re4+ 101. Kd3 Rxb4 102. Qxf5 Ra4 103. Kc3 Rh4 1/2-1/2

[Event "Walton Rating Tournament 2023"]
[Site "Dhaka"]
[Date "2024.01.01"]
[Round "3.4"]
[White "Subrota, Biswas"]
[Black "Mohammad Shafiqul, Islam"]
[Result "1-0"]
[ECO "C65"]
[WhiteElo "2223"]
[BlackElo "1928"]
[Annotator "RC"]
[PlyCount "106"]
[EventDate "2023.12.30"]
[EventType "swiss"]
[EventCountry "BAN"]
[SourceTitle "playchess.com"]
[Source "ChessBase"]
[SourceQuality "1"]
[TimeControl "5400+30"]

1. e4 e5 2. Nf3 Nc6 3. Bb5 Nf6 4. d3 Bc5 5. c3 Qe7 6. O-O O-O 7. Ba4 d6 8. Re1 h6 9. Nbd2 Nd8 10. Nf1 Bb6 11. Ng3 Kh7 12. h3 g6 13. d4 c5 14. Be3 Nc6 15. a3 Rd8 16. Qd2 Ng8 17. b4 Bd7 18. Bb3 Be8 19. d5 Nb8 20. a4 a5 21. b5 Nd7 22. c4 Bc7 23. Nh2 Qh4 24. Nf3 Qe7 25. Kf1 Nb6 26. Qd3 Bd7 27. Nd2 Rf8 28. Kg1 f5 29. exf5 gxf5 30. f4 Qh4 31. Ne2 e4 32. Qc2 Nf6 33. Bf2 Qh5 34. Ng3 Qg6 35. Ndf1 Rg8 36. Ne3 Nh5 37. Nxh5 Qxh5 38. Kh2 Rg7 39. Qe2 Qf7 40. Bh4 Bd8 41. Bxd8 Rxd8 42. Rg1 Nc8 43. Bc2 Re8 44. g3 b6 45. Rg2 Ne7 46. Rag1 Ng8 47. Qf2 h5 48. Bd1 Nf6 49. g4 hxg4 50. hxg4 Rh8 51. Rh1 Kg8+ 52. Kg1 Rhh7 53. Rh3 Rxh3 1-0

[Event "Walton Rating Tournament 2023"]
[Site "Dhaka"]
[Date "2024.01.01"]
[Round "3.5"]
[White "Md Mutakabbir"]
[Black "Mohammad Minhaz Uddin"]
[Result "0-1"]
[ECO "C42"]
[WhiteElo "1887"]
[BlackElo "2221"]
[Annotator "RC"]
[PlyCount "64"]
[EventDate "2023.12.30"]
[EventType "swiss"]
[EventCountry "BAN"]
[SourceTitle "playchess.com"]
[Source "ChessBase"]
[SourceQuality "1"]
[TimeControl "5400+30"]

1. e4 e5 2. Nf3 Nf6 3. Nxe5 d6 4. Nf3 Nxe4 5. d4 d5 6. Bd3 Nc6 7. O-O Be7 8. Re1 Bg4 9. c3 f5 10. Nbd2 O-O 11. Qb3 Kh8 12. Qxb7 Rf6 13. Qb3 Rg6 14. Ne5 Nxe5 15. dxe5 Nxf2 16. Be2 Bc5 17. Nf3 Nd3+ 18. Kf1 Bxf3 19. Bxf3 Qh4 20. Re2 Qxh2 21. Rc2 Qg1+ 22. Ke2 Nxc1+ 23. Raxc1 Qe3+ 24. Kd1 Qg1+ 25. Ke2 Rxg2+ 26. Bxg2 Qxg2+ 27. Ke1 Qg1+ 28. Ke2 Qf2+ 29. Kd1 Qf1+ 30. Kd2 Qf4+ 31. Kd1 Be3 32. Re2 Qf1+ 0-1

[Event "Walton Rating Tournament 2023"]
[Site "Dhaka"]
[Date "2024.01.01"]
[Round "3.6"]
[White "Anata, Choudhury"]
[Black "Ahmed, Walijah"]
[Result "1-0"]
[ECO "B47"]
[WhiteElo "2196"]
[BlackElo "1876"]
[Annotator "RC"]
[PlyCount "135"]
[EventDate "2023.12.30"]
[EventType "swiss"]
[EventCountry "BAN"]
[SourceTitle "playchess.com"]
[Source "ChessBase"]
[SourceQuality "1"]
[TimeControl "5400+30"]

1. e4 c5 2. Nf3 e6 3. d4 cxd4 4. Nxd4 Nc6 5. Nc3 Qc7 6. Qd3 Nf6 7. Ndb5 Qb8 8. Qg3 Qxg3 9. hxg3 Kd8 10. Bf4 Ne8 11. Be3 Bb4 12. O-O-O a6 13. Nd4 Nxd4 14. Bxd4 f6 15. Bb6+ Ke7 16. Na4 Bd6 17. c4 Bc7 18. Be3 d6 19. g4 Bd7 20. Nb6 Bxb6 21. Bxb6 Rc8 22. Kb1 e5 23. Be2 Bc6 24. f3 Nc7 25. Rd2 h6 26. Rhd1 Rhd8 27. c5 d5 28. Bxc7 Rxc7 29. exd5 Rcd7 30. Bc4 b5 31. cxb6 Bb5 32. d6+ Rxd6 33. Rxd6 Rxd6 34. Rxd6 Kxd6 35. Bd5 Bf1 36. g3 g6 37. Kc1 f5 38. gxf5 gxf5 39. Kd2 Bb5 40. Ke3 a5 41. f4 exf4+ 42. Kxf4 Bd3 43. Ke3 Ba6 44. Bf3 Bc4 45. b3 Bb5 46. Kd4 Bf1 47. a3 Bb5 48. Kc3 Ba6 49. b4 a4 50. Kd4 Bf1 51. b7 Kc7 52. Ke5 Bd3 53. Bd1 Kxb7 54. Bxa4 Kc7 55. Bd1 Kc6 56. a4 Kb6 57. Bb3 Kc6 58. Kd4 Be4 59. Bc4 Bc2 60. Bb5+ Kd6 61. a5 Bd1 62. Bd3 Bg4 63. b5 Bh3 64. b6 Kc6 65. Bb5+ Kd6 66. a6 Bg2 67. Bc4 Be4 68. Bd3 1-0

[Event "Walton Rating Tournament 2023"]
[Site "Dhaka"]
[Date "2024.01.01"]
[Round "4.1"]
[White "Rahman, Syed Mahfuzur"]
[Black "Zia, Tahsin Tajwar"]
[Result "1/2-1/2"]
[ECO "D02"]
[WhiteElo "2088"]
[BlackElo "2303"]
[Annotator "RC"]
[PlyCount "123"]
[EventDate "2023.12.30"]
[EventType "swiss"]
[EventCountry "BAN"]
[SourceTitle "playchess.com"]
[Source "ChessBase"]
[SourceQuality "1"]
[TimeControl "5400+30"]

1. d4 Nf6 2. Nf3 e6 3. g3 d5 4. Bg2 Bd6 5. O-O O-O 6. c4 h6 7. Qc2 Nc6 8. a3 Re8 9. c5 Bf8 10. b4 e5 11. dxe5 Nxe5 12. Nxe5 Rxe5 13. Bb2 Bf5 14. Qd2 Re6 15. Nc3 c6 16. Rfe1 Qe7 17. e3 Ne4 18. Nxe4 dxe4 19. h3 Qg5 20. Qe2 h5 21. Rad1 Rae8 22. Rd7 R6e7 23. Rxe7 Rxe7 24. Rd1 h4 25. g4 Bg6 26. Qc4 Re6 27. Rd7 b5 28. Qd4 Re7 29. Bc3 f5 30. Rxe7 Qxe7 31. gxf5 Bxf5 32. Qe5 Qxe5 33. Bxe5 a6 34. f3 exf3 35. Bxf3 Bd7 36. Bg2 Kf7 37. Kf2 Be7 38. Kf3 g5 39. Ke4 Kg6 40. Kd4 Kf7 41. Bd6 Bd8 42. Be5 Be7 43. Bd6 Bf6+ 44. Be5 Ke6 45. Bxf6 Kxf6 46. e4 Ke7 47. e5 Kd8 48. Ke4 Kc7 49. Bf1 Be6 50. Kf3 Kd7 51. Ke4 Ke7 52. Kd4 g4 53. hxg4 Bxg4 54. Bg2 Kd7 55. Ke3 h3 56. Be4 Be6 57. Kf2 Bd5 58. Bf5+ Be6 59. Be4 Bd5 60. Bf5+ Be6 61. Be4 Bd5 62. Bf5+ 1/2-1/2

[Event "Walton Rating Tournament 2023"]
[Site "Dhaka"]
[Date "2024.01.01"]
[Round "4.2"]
[White "Swarnavo Choudhury"]
[Black "Subrota, Biswas"]
[Result "0-1"]
[ECO "A81"]
[WhiteElo "2056"]
[BlackElo "2223"]
[Annotator "ChessBase"]
[PlyCount "92"]
[EventDate "2023.12.30"]
[EventType "swiss"]
[EventCountry "BAN"]
[SourceTitle "playchess.com"]
[Source "ChessBase"]
[SourceQuality "1"]
[TimeControl "5400+30"]

1. d4 f5 2. Nf3 g6 3. g3 Bg7 4. Bg2 Nf6 5. O-O d6 6. c3 O-O 7. Nbd2 Nc6 8. Qb3+ Kh8 9. Ng5 d5 10. f4 b6 11. e3 Qd6 12. Ngf3 Na5 13. Qd1 c5 14. Ne5 Ne4 15. Nxe4 dxe4 16. b3 Ba6 17. Re1 Qc7 18. Bb2 Nc6 19. Rc1 Rad8 20. Qc2 Nxe5 21. fxe5 Bd3 22. Qf2 c4 23. b4 g5 24. Ra1 Rf7 25. Bc1 Bh6 26. Bf1 Rdf8 27. Bxd3 cxd3 28. Bd2 f4 29. Rf1 Qc4 30. a4 Qe6 31. Rae1 fxg3 32. Qxg3 Rf3 33. Rxf3 Rxf3 34. Qg2 g4 35. c4 Bg5 36. d5 Qxe5 37. Qxg4 Rf8 38. Kh1 Rf2 39. Qg3 Qxg3 40. Bc3+ Bf6 41. Bxf6+ exf6 42. hxg3 d2 43. Rd1 Re2 44. Kg1 Re1+ 45. Kf2 Rxd1 46. Ke2 Rc1 0-1

[Event "Walton Rating Tournament 2023"]
[Site "Dhaka"]
[Date "2024.01.01"]
[Round "4.3"]
[White "Mohammad Minhaz Uddin"]
[Black "Shawket Bin, Osman Shaon"]
[Result "1-0"]
[ECO "C68"]
[WhiteElo "2221"]
[BlackElo "2030"]
[Annotator "RC"]
[PlyCount "73"]
[EventDate "2023.12.30"]
[EventType "swiss"]
[EventCountry "BAN"]
[SourceTitle "playchess.com"]
[Source "ChessBase"]
[SourceQuality "1"]
[TimeControl "5400+30"]

1. e4 e5 2. Nf3 Nc6 3. Bb5 a6 4. Bxc6 dxc6 5. O-O Bg4 6. d3 Bd6 7. Be3 Ne7 8. Nbd2 Ng6 9. h3 h5 10. Re1 Bxf3 11. Nxf3 Qe7 12. c3 O-O-O 13. b4 Nh4 14. Nxh4 Qxh4 15. a4 b6 16. Qb3 Qe7 17. Reb1 g5 18. c4 c5 19. bxc5 Bxc5 20. Bxc5 Qxc5 21. a5 Rh6 22. axb6 Rxb6 23. Qd1 f6 24. Rxb6 Qxb6 25. Qxh5 Rxd3 26. c5 Qc6 27. Qg4+ Kd8 28. Qf5 Ke7 29. Qh7+ Kf8 30. Kh2 Rd8 31. f3 Rd2 32. h4 Qb5 33. hxg5 fxg5 34. Qf5+ Ke8 35. Qxe5+ Kd7 36. Qxg5 Qb2 37. Rxa6 1-0

[Event "Walton Rating Tournament 2023"]
[Site "Dhaka"]
[Date "2024.01.01"]
[Round "4.5"]
[White "Sajidul, Haque"]
[Black "Ahmed, Sheikh Nasir"]
[Result "1/2-1/2"]
[ECO "A47"]
[WhiteElo "1875"]
[BlackElo "2193"]
[Annotator "RC"]
[PlyCount "30"]
[EventDate "2023.12.30"]
[EventType "swiss"]
[EventCountry "BAN"]
[SourceTitle "playchess.com"]
[Source "ChessBase"]
[SourceQuality "1"]
[TimeControl "5400+30"]

1. d4 Nf6 2. Nf3 e6 3. Bf4 c5 4. e3 Be7 5. h3 O-O 6. Nbd2 b6 7. c3 Bb7 8. Bd3 cxd4 9. exd4 d6 10. O-O Re8 11. Re1 Nbd7 12. Qc2 Nf8 13. Bb5 N8d7 14. Bd3 Nf8 15. Bb5 N8d7 1/2-1/2